cohdb
Replays
Latest Replays
All Replays
Popular Replays
Top Player Replays
Match Explorer
How It Works
Community
CoH3 Stats
Reddit
Sign in to upload your games and track your stats! →
Sign in with Steam
Match 43948672
Unlisted
Match 43948672
Overview
Messages
Build Orders
End
Scout Squad
Construct Barracks
Selects Heavy Weapons
Riflemen Squad
1⁄4-ton 4x4 Truck
M1 Mortar Team
Infantry Support Center
Selects Assault Carriers
Construct Weapon Support Center
M3 Assault Carrier
M1919 Machine Gun Team
M3 Assault Carrier
Selects Exchangeable Parts
M3 Assault Carrier
Grenade Package
Riflemen Squad
M1918 Browning Automatic Rifles
Engineer Squad
M3 Assault Carrier
Bazooka Squad
M3 Assault Carrier
Bazooka Squad
Selects M26 Pershing Heavy Tank
Grimreaver
Aelies
бескрайняя плоть
Oncle-Hô
0
0
Comments
sign in to comment!
No comments posted yet!